 Dungeon Crawl Stone Soup version 0.30-a0-475-g03497ec522 (webtiles) character file.

Game seed: 2841809224340943211

490 karrick the Cudgeller (level 7, -3/44 HPs)
             Began as a Gargoyle Fighter on Dec 20, 2022.
             Slain by a steam dragon (6 damage)
             ... on level 5 of the Dungeon.
             The game lasted 00:04:05 (3103 turns).

karrick the Cudgeller (Gargoyle Fighter)            Turns: 3103, Time: 00:04:06

Health: -3/44      AC: 14    Str: 26    XL:     7   Next: 14%
Magic:  7/7        EV:  9    Int:  8    God:
Gold:   203        SH:  5    Dex: 11    Spells: 6/6 levels left

rFire   . . .      SeeInvis .    a - +0 flail
rCold   . . .      Faith    .    c - +0 buckler
rNeg    + . .      Spirit   .    b - +0 scale mail
rPois   ∞          Reflect  .    h - +2 hat
rElec   +          Harm     .    (no cloak)
rCorr   .          Rampage  .    (no gloves)
Will    .....                    (no boots)
Stlth   ..........               (no amulet)
HPRegen 0.27/turn                k - +6 ring of strength
MPRegen 0.10/turn                (no ring)

@: no status effects
A: sickness immunity, AC +4, negative energy resistance 1, electricity
resistance, torment resistance 1, petrification resistance
a: no special abilities


You were on level 5 of the Dungeon.
You visited 1 branch of the dungeon, and saw 5 of its levels.
You also visited: Sewer.

You collected 203 gold pieces.

Inventory:

Hand Weapons
 a - a +0 flail (weapon)
Armour
 b - a +0 scale mail (worn)
 c - a +0 buckler (worn)
 h - a +2 hat (worn)
Jewellery
 k - a +6 ring of strength (left hand)
Wands
 s - a wand of mindburst (8)
 t - a wand of iceblast (12)
Scrolls
 e - 5 scrolls of identify {unknown}
 g - a scroll of immolation {unknown}
 i - 3 scrolls of fog {unknown}
 j - 2 scrolls of teleportation {unknown}
 p - 2 scrolls of fear {unknown}
 q - a scroll of amnesia {unknown}
 u - a scroll of butterflies {unknown}
 v - a scroll of enchant armour {unknown}
Potions
 d - a potion of might
 l - a potion of magic {unknown}
 m - a potion of invisibility {unknown}
 n - 2 potions of haste {unknown}
 o - a potion of cancellation {unknown}
 r - a potion of mutation {unknown}


   Skills:
 + Level 4.7 Fighting
 + Level 5.3 Maces & Flails
 + Level 4.7 Armour
 + Level 4.5 Shields


You had 6 spell levels left.
You didn't know any spells.
Your spell library contained the following spells:

 Spells                   Type           Power      Damage    Failure   Level
 Blink                    Tloc           0%         N/A       88%         2
 Momentum Strike          Conj/Tloc      0%         3d8       88%         2
 Wereblood                Tmut           0%         N/A       88%         2
 Lesser Beckoning         Tloc           0%         N/A       98%         3
 Blade Hands              Tmut           0%         N/A       100%        5
 Irradiate                Conj/Tmut      0%         3d11      100%        5
 Dragon Form              Tmut           0%         N/A       100%        7
 Summon Hydra             Summ           0%         N/A       100%        7
 Sublimation of Blood     Necr           Unusable   N/A       N/A         2

Dungeon Overview and Level Annotations

Branches:
Dungeon (5/15)              Sewer (visited)
 Temple: D:4-7

Altars:
Uskayaw
Wu Jian


Innate Abilities, Weirdness & Mutations

You are immune to sickness and miasma.
Your stone body is resilient. (AC +4)
You are immune to poison.
You resist negative energy. (rN+)
You are resistant to electric shocks. (rElec)
You are resistant to unholy torment.
You are immune to petrification.


Message History

The ogre is engulfed in a cloud of scalding steam.
The ogre attacks as you move away! The ogre closely misses you.
You thump the ogre!
The ogre is severely wounded.
The ogre hits you with a +0 giant spiked club!
* * * LOW HITPOINT WARNING * * *
It was a potion of curing.
You feel better.
The ogre hits you with a +0 giant spiked club.
* * * LOW HITPOINT WARNING * * *
You hit the ogre.
The ogre is severely wounded.
You barely miss the ogre.
The ogre is severely wounded.
The ogre barely misses you.
You hit the ogre.
The ogre is almost dead.
The ogre hits you with a +0 giant spiked club!
* * * LOW HITPOINT WARNING * * *
You feel better. The ogre barely misses you.
You hit the ogre.
You kill the ogre!
The steam dragon breathes steam at you. The ball of steam misses you.
You are engulfed in a cloud of scalding steam.
* * * LOW HITPOINT WARNING * * *
The steam dragon barely misses you.
The steam dragon claws you but does no damage.
Things that are here:
a +0 giant spiked club; an ogre corpse The steam dragon breathes steam at you.
The ball of steam hits you!
* * * LOW HITPOINT WARNING * * *
You block the steam dragon's attack. The steam dragon claws you.
* * * LOW HITPOINT WARNING * * *
You hit the steam dragon.
The steam dragon is almost dead.
You block the steam dragon's attack.
The steam dragon claws you but does no damage.
The steam dragon bites you.
You die...

+... #.§ #.. #
#§######.#
#.+.......
#.#.......
+)#.......
#D§#####+##
###+##.@.......#
...............#
#........$.....#
+..............#
#.............$#
########..<....#
#.......#
#.......#
#.......#


You could see a steam dragon (catching breath).

Vanquished Creatures
  A black bear (D:4)
  Pargi (Sewer)
  An ogre (D:5)
  A scorpion (D:3)
  A hound (D:4)
  5 adders
  3 worms
  12 orcs
  8 endoplasms
  9 giant cockroaches
  9 goblins
  5 hobgoblins
  7 quokkas
  8 ball pythons
  5 bats
  5 frilled lizards
  5 kobolds
  8 rats
94 creatures vanquished.

Notes
Turn   | Place    | Note
-------+----------+-------------------------------------------
     0 | D:1      | karrick the Gargoyle Fighter began the quest for the Orb.
     0 | D:1      | Reached XP level 1. HP: 14/14 MP: 1/1
   204 | D:1      | Reached XP level 2. HP: 19/19 MP: 2/2
   689 | D:1      | Reached XP level 3. HP: 22/23 MP: 3/3
  1030 | D:2      | Found a hide-covered altar of Uskayaw.
  1234 | D:2      | Reached skill level 3 in Maces & Flails
  1256 | D:2      | Reached XP level 4. HP: 28/28 MP: 4/4
  1919 | D:3      | Found a glowing drain.
  1949 | Sewer    | Entered a sewer
  2030 | Sewer    | Noticed Pargi
  2043 | Sewer    | Killed Pargi
  2044 | Sewer    | Reached skill level 4 in Maces & Flails
  2044 | Sewer    | Reached XP level 5. HP: 30/34 MP: 5/5
  2169 | D:3      | Reached XP level 6. HP: 26/39 MP: 6/6
  2822 | D:4      | Noticed a black bear
  2839 | D:4      | Killed a black bear
  2938 | D:4      | Reached skill level 5 in Maces & Flails
  3027 | D:4      | Found an ornate altar of the Wu Jian Council.
  3069 | D:4      | Reached XP level 7. HP: 44/44 MP: 7/7
  3073 | D:4      | Noticed a steam dragon
  3084 | D:5      | Entered Level 5 of the Dungeon
  3097 | D:5      | HP: 1/44 [ogre/+0 giant spiked club (8)]
  3103 | D:5      | Slain by a steam dragon

Illustrated notes

Levels and vault maps discovered:
D:1:      heliophobic_arrival_glass_houses, layout_loops_ring,
          minmay_crystal_water
D:2:      layout_loops_corners, basic_altar
D:3:      layout_loops_ring, gup_sewer_entry_pipe
D:4:      layout_gridville, pdpol_wu_jian_five_deadly_venoms,
          nemelex_diamond_rough_becter
D:5:      layout_gridville, kennysheep_ying_yang, grunt_gozag_breadcrumbs,
          mainiacjoe_overflow_big_doors, roderic_cross_of_infinity,
          uniq_eustachio, uniq_crazy_yiuf_cottage

Skill      XL: |  1  2  3  4  5  6 |
---------------+-------------------+-----
Maces & Flails | 3 4 5 |  5.3
Fighting       | 4 |  4.7
Armour         | 4 |  4.7
Shields        | 4 |  4.5

Action                   |  1- 3 |  4- 6 |  7- 9 || total
-------------------------+-------+-------+-------++-------
Melee: Flail             |   121 |   237 |     9 ||   367
  Use: Potion            |       |     1 |     2 ||     3
Armor: Scale mail        |    67 |   167 |     9 ||   243
Dodge: Dodged            |    61 |   128 |    10 ||   199
Block: Buckler           |    27 |    61 |     5 ||    93

Table legend: (Time is in decaauts)
 A = Elapsed time spent in this place.
 B = Non-inter-level travel time spent in this place.
 C = Inter-level travel time spent in this place.
 D = Time resting spent in this place.
 E = Time spent auto-exploring this place.
 F = Levels seen in this place.
 G = Mean time per level.
                   A        B        C        D        E       F      G
               +--------+--------+--------+--------+--------+-----+--------+
         Total |   3258 |   3181 |     77 |      0 |   2366 |   6 |  543.0 |
       Dungeon |   3022 |   2945 |     77 |      0 |   2218 |   5 |  604.4 |
         Sewer |    235 |    235 |      0 |      0 |    148 |   1 |  235.0 |
               +--------+--------+--------+--------+--------+-----+--------+

Top non-repeatable levels by time:
     D:2: 1007 daAuts
     D:1: 913 daAuts
     D:3: 810 daAuts
     D:4: 270 daAuts
   Sewer: 235 daAuts
     D:5: 19 daAuts
